 Dungeon Crawl Stone Soup version 0.19-a0-442-g8935a21 (webtiles) character file.

53 Ordine the Changer (level 3, -2/23 HPs)
             Began as an Octopode Transmuter on June 1, 2016.
             Slain by a goblin
             ... wielding a +0 club
             ... led by Robin
              (3 damage)
             ... on level 2 of the Dungeon.
             The game lasted 00:02:51 (1006 turns).

Ordine the Changer (Octopode Transmuter)            Turns: 1006, Time: 00:02:51

Health: -2/23      AC:  1    Str:  9    XL:     3   Next: 87%
Magic:  6/6        EV: 18    Int: 16    God:
Gold:   52         SH:  0    Dex: 17    Spells: 2 memorised, 2 levels left

rFire  . . .     SeeInvis .       - Unarmed
rCold  . . .     Gourm    .     (no shield)
rNeg   . . .     Faith    .     (helmet restricted)
rPois  .         Spirit   .     (no amulet)
rElec  .         Dismiss  .     (no ring)
rCorr  .         Reflect  .     (no ring)
SustAt .         Harm     .     (no ring)
MR     .....                    (no ring)
Stlth  ++++......               (no ring)
                                (no ring)
                                (no ring)
                                (no ring)

@: agile, flying, not resistant to hostile enchantments, stealthy
A: almost no armour, amphibious, 8 rings, constrict 8, camouflage 1, gelatinous
body 1
a: no special abilities


You were on level 2 of the Dungeon.
You were not hungry.

You visited 1 branch of the dungeon, and saw 2 of its levels.

You collected 52 gold pieces.

Inventory:

Wands
 i - a wand of enslavement (13/24)
Scrolls
 a - a scroll of fear
Books
 b - a book of Changes

   Spells                             Type                      Level
   a - Beastly Appendage              Transmutation                1
   b - Sticks to Snakes               Transmutation                2
   c - Spider Form                    Transmutation/Poison         3
   d - Ice Form                       Ice/Transmutation            4
   e - Blade Hands                    Transmutation                5
Comestibles
 c - a bread ration
 d - 2 meat rations
 f - 9 fruits
 g - 3 chunks of flesh


   Skills:
 - Level 1.0 Fighting
 - Level 2.0 Dodging
 - Level 3.0 Unarmed Combat
 - Level 2.0 Spellcasting
 + Level 4.0 Transmutations


You had 2 spell levels left.
You knew the following spells:

 Your Spells              Type           Power        Failure   Level  Hunger
a - Spider Form           Tmut/Pois      #.........   28%         3    ###....
b - Beastly Appendage     Tmut           ##....       4%          1    #......


Dungeon Overview and Level Annotations

Branches:
Dungeon (2/15)

Altars:


Innate Abilities, Weirdness & Mutations

You cannot wear most types of armour.
You are amphibious.
You can wear up to eight rings at the same time.
You can use your tentacles to constrict eight enemies at once.
Your skin changes colour to match your surroundings (Stealth+).
Your rubbery body absorbs attacks. (AC +1)


Message History

A hobgoblin comes into view.
Unknown command.
It was a potion of agility.
You feel agile all of a sudden.
You constrict Robin.
You kill Robin!
Your Transmutations skill increases to level 4!
The goblin completely misses you.
You closely miss the goblin.
The hobgoblin shouts!
Your grab misses the goblin. The goblin barely misses you.
You tentacle-slap the goblin. Your grab misses the goblin.
Your squeeze misses the goblin.
The goblin is moderately wounded.
The goblin closely misses you.
You miss the goblin. You grab the goblin.
The goblin is moderately wounded.
You constrict the goblin, but do no damage.
The goblin hits you with an uncursed club.
You die...

,**,*
*,*,,,,,,,,,,,,,*#.#
.**,*
*,*,****,*****,,*#.#
,#*,* *,*,* *,* #..##.#
,,,,* **,*,* *,*
#..##.# ,**** #,,,,*
*,* #..##.# ,*
#.,******,#####..##.#
,*
#..,,,,,,,#......##.#
,*
#...#######......##.#
,*
*,#g)@g....(........#
,*
#...#######......<..#
,* #.#,* #.(.....(.# ,*
****** #,,,*
###.#.###.# ,* *,,,,*
*,,***** #.#...#.## ,*
*,**,* *,,,,,,**
#.#....... ,* *,**,*
**,,,,,,,** #.#..#.#.#
,***,**,*
*,,,,,,,,,***#.#.......
,,,,,,*,*
*,,,,,,,,,,,,..#..#.#.#


You could see a hobgoblin and a goblin.

Vanquished Creatures
  Robin (D:2)
  An ooze (D:1)
  A worm (D:2)
  A dart slug (D:1)
  A giant gecko (D:2)
  A giant cockroach (D:1)
  10 goblins
  4 hobgoblins
  A ball python (D:1)
  4 bats
  A giant newt (D:2)
  3 kobolds
  A rat (D:2)
30 creatures vanquished.

Notes
Turn   | Place    | Note
--------------------------------------------------------------
     0 | D:1      | Ordine the Octopode Transmuter began the quest for the Orb.
     0 | D:1      | Reached XP level 1. HP: 13/13 MP: 3/3
   310 | D:1      | Reached XP level 2. HP: 18/18 MP: 5/5
   323 | D:1      | Reached skill level 3 in Transmutations
   782 | D:2      | Reached XP level 3. HP: 23/23 MP: 6/6
   787 | D:2      | Learned a level 3 spell: Spider Form
   982 | D:2      | Noticed Robin
  1002 | D:2      | HP: 1/23 [Robin/club (3)]
  1003 | D:2      | Killed Robin
  1003 | D:2      | Reached skill level 4 in Transmutations
  1006 | D:2      | Slain by a goblin

Vault maps used:
D:1:      lordsloth_arrival_two_stooges
D:2:      serial_glass, glass_columns_b, glass_columns_b, uniq_robin

Skill      XL: |  1  2  3 |
---------------+----------+-----
Transmutations | 3 4 |  4.0
Fighting       | |  1.0
Dodging        | |  2.0
Unarmed Combat | |  3.0
Spellcasting   | |  2.0

Action                   || total
-------------------------++-------
Melee: Unarmed           ||    66
       Constrict         ||    21
       Tentacles         ||    11
       Punch             ||     1
  Use: Scroll            ||     7
       Potion            ||     2
 Stab: Sleeping          ||     5
Armor: Skin              ||     6
Dodge: Dodged            ||    30
